 Dungeon Crawl Stone Soup version 0.25-a0-589-g1e14c549ee (webtiles) character file.

Game seed: 11260463852985612477, levelgen mode: deterministic

139 Kohma the Digger (level 5, -1/28 HPs)
             Began as a Gargoyle Earth Elementalist on Mar 13, 2020.
             Was an Initiate of Cheibriados.
             Slain by a gnoll (7 damage)
             ... on level 4 of the Dungeon.
             The game lasted 00:08:50 (3756 turns).

Kohma the Digger (Gargoyle Earth Elementalist)      Turns: 3756, Time: 00:08:50

Health: -1/28      AC:  6    Str: 12    XL:     5   Next: 22%
Magic:  2/9        EV: 12    Int: 18    God:    Cheibriados [......]
Gold:   201        SH:  0    Dex: 11    Spells: 4/10 levels left

rFire    . . .     SeeInvis .   i - +0 dagger
rCold    . . .     Gourm    .   (no shield)
rNeg     + . .     Faith    .   c - +0 robe
rPois    ∞         Spirit   .   (no helmet)
rElec    +         Reflect  .   y - scarf {cloud immunity}
rCorr    .         Harm     .   (no gloves)
MR       .....                  (no boots)
Stlth    ++........             (no amulet)
HPRegen  0.09/turn              (no ring)
MPRegen  0.11/turn              (no ring)

@: mighty, very slow
A: negative energy resistance 1, electricity resistance, unbreathing,
petrification resistance, rot immunity, AC +4
a: Bend Time, Renounce Religion


You were on level 4 of the Dungeon.
You worshipped Cheibriados.
Cheibriados was noncommittal.
You were hungry.

You visited 2 branches of the dungeon, and saw 5 of its levels.

You collected 201 gold pieces.

Inventory:

Hand Weapons
 i - a +0 dagger (weapon)
Missiles
 b - 55 stones (quivered)
 f - 72 bolts
 p - 60 sling bullets
Armour
 c - a +0 robe (worn)
 y - a scarf of cloud immunity (worn)
Jewellery
 t - a cursed -3 ring of strength {unknown}
 w - an uncursed amulet of the gourmand {unknown}
Scrolls
 a - 4 scrolls of remove curse
 h - 3 scrolls of magic mapping
 j - 4 scrolls of identify {unknown}
 m - 2 scrolls of teleportation {unknown}
 o - a scroll of enchant weapon {unknown}
 q - a scroll of amnesia {unknown}
 u - a scroll of fear {unknown}
Potions
 e - a potion of might
 g - a potion of brilliance {unknown}
 k - a potion of flight {unknown}
 l - a potion of lignification {unknown}
 n - 2 potions of heal wounds {unknown}
 r - 2 potions of curing {unknown}
 s - a potion of invisibility {unknown}
 v - a potion of mutation {unknown}
 x - a potion of haste {unknown}
Comestibles
 d - 8 rations
 z - 3 chunks of flesh


   Skills:
 - Level 1.5 Dodging
 - Level 2.1 Stealth
 + Level 3.2 Spellcasting
 - Level 2.0 Conjurations
 + Level 0.7 Transmutations
 + Level 5.4 Earth Magic


You had 4 spell levels left.
You knew the following spells:

 Your Spells              Type           Power        Failure   Level  Hunger
a - Sandblast             Erth           ###...       1%          1    None
b - Passwall              Tmut/Erth      ##......     7%          2    ##.....
c - Stone Arrow           Conj/Erth      ###...       11%         3    ###....

Your spell library contained the following spells:

 Spells                   Type           Power        Failure   Level  Hunger
 Petrify                  Tmut/Erth      ##......     41%         4    ####...
 Lee's Rapid Deconstruct  Erth           ###.......   43%         5    ######.


Dungeon Overview and Level Annotations

Branches:
Dungeon (4/15)             Temple (1/1) D:4

Altars:
Cheibriados
Elyvilon
Fedhas
Gozag
Okawaru
Qazlal
Ru
Sif Muna
Uskayaw
Vehumet
Wu Jian
Xom
Zin
Lugonu

Shops:
D:4 *(

Annotations:
D:4 exclusion: 3 doors


Innate Abilities, Weirdness & Mutations

You are resistant to torment.
Your stone body is resilient. (AC +4)
You are immune to poison.
You resist negative energy. (rN+)
You are resistant to electric shocks. (rElec)
You can survive without breathing.
You are immune to petrification.
You are immune to rotting.


Message History

The magic dart hits you.
You feel less confused.
The gnoll rages.
The orc wizard hits you but does no damage.
The gnoll hits you!
* * * LOW HITPOINT WARNING * * *
You hear a shout!
Your magical contamination has completely faded away.
Okay, then.
Okay, then.
Casting: Sandblast (safe; 1% risk of failure)
Confirm with . or Enter, or press ? or * to list all spells.
Okay, then.
Casting: Sandblast (safe; 1% risk of failure)
Confirm with . or Enter, or press ? or * to list all spells.
You don't have enough magic to cast that spell.
It was a potion of might.
You feel very mighty all of a sudden. The gnoll closely misses you.
The gnoll hits you!
You die...

,,,*,,,*,,##* ###....##
,,,,,,,,,,#.#** #.>.....# ###
*********##..,* #.....### #.###
#...## #......# ##.#.. #....##
####...####..... *****
#.....###.##.#..##...#.. *,,,**
##.).###.....#.......##. *,,,,*
##...#o#....#.#..........
*,,,**##...##.o@...#.#.###......
*,,,,*#.......go................
**,,,,..#.....g.g..#.............
,,,,*,.###...g..#.....###......#.
**,**,*#.....................^.#.
**,,,**...............)....<.....
,,,,,,*......##.....###......####
,,,,,,,........................##
,,,,,,,....##.∩...#..............


You could see a gnoll shaman, 3 orc wizards and 3 gnolls.

Vanquished Creatures
  A howler monkey (D:4)
  6 adders
  An ooze (D:2)
  A leopard gecko (D:3)
  3 orcs (D:4)
  4 bats
  3 giant cockroaches
  3 goblins
  2 hobgoblins
  2 jackals (D:1)
  A quokka (D:3)
  4 frilled lizards
  6 kobolds
  6 rats
43 creatures vanquished.

Notes
Turn   | Place    | Note
-------+----------+-------------------------------------------
     0 | D:1      | Kohma the Gargoyle Earth Elementalist began the quest for
                  | the Orb.
     0 | D:1      | Reached XP level 1. HP: 10/10 MP: 3/3
   337 | D:1      | Reached skill level 4 in Earth Magic
   345 | D:1      | Reached XP level 2. HP: 11/15 MP: 5/5
  1521 | D:2      | Reached XP level 3. HP: 19/19 MP: 3/6
  1553 | D:2      | Learned a level 2 spell: Passwall
  1557 | D:2      | Learned a level 3 spell: Stone Arrow
  2050 | D:2      | Reached XP level 4. HP: 18/24 MP: 6/8
  2527 | D:3      | Reached skill level 1 in Conjurations
  2560 | D:3      | Reached skill level 5 in Earth Magic
  3369 | D:3      | You fall into a shaft and drop 1 floor!
  3369 | D:4      | Found Gozag's Platinum Reserve.
  3369 | D:4      | Found an opulent altar of Gozag.
  3380 | D:4      | Found a staircase to the Ecumenical Temple.
  3384 | D:4      | Found an ornate altar of the Wu Jian Council.
  3425 | Temple   | Entered the Ecumenical Temple
  3535 | Temple   | Became a worshipper of Cheibriados the Contemplative
  3576 | D:4      | Found a glowing silver altar of Zin.
  3583 | D:4      | Found a hide-covered altar of Uskayaw.
  3598 | D:4      | Reached XP level 5. HP: 27/28 MP: 2/9
  3616 | D:4      | Found Qats's Antique Weapon Shoppe.
  3756 | D:4      | Slain by a gnoll

Levels and vault maps discovered:
D:1:      nagdon_arrival_double_spiral, layout_loops_ring
D:2:      layout_basic
D:3:      layout_basic
D:4:      layout_cave_pools, lemuel_coloured_pillars_altar,
          nicolae_gozag_zags_fifth_avenue, eat_drink_and_be_merry_uskayaw,
          kennysheep_mini_moat, nicolae_overflow_hidden_temple, serial_shops,
          shop, minmay_misc_feat_columns, kennysheep_cluttered_room
Temple:   kb_corrupted_temple

Skill      XL: |  1  2  3  4 |
---------------+-------------+-----
Earth Magic    | 4 5 |  5.4
Conjurations   | 2 |  2.0
Spellcasting   | 3 |  3.2
Dodging        | |  1.5
Stealth        | |  2.1
Transmutations | |  0.7

Action                   |  1- 3 |  4- 6 || total
-------------------------+-------+-------++-------
Melee: Dagger            |   108 |   105 ||   213
       Whip              |    13 |       ||    13
       Unarmed           |     6 |       ||     6
 Cast: Sandblast         |    14 |     6 ||    20
       Stone Arrow       |     2 |     6 ||     8
  Use: Scroll            |       |     2 ||     2
       Potion            |       |     1 ||     1
 Stab: Sleeping          |     2 |     1 ||     3
  Eat: Chunk             |     4 |     6 ||    10
Armor: Robe              |    39 |    31 ||    70
Dodge: Dodged            |    99 |    64 ||   163

Table legend:
 A = Non-vault XP
 B = Vault XP
 C = Vault XP percentage of total XP
 D = Non-vault monster count
 E = Vault monster count
 F = Vault count percentage of total count
                 A         B        C        D         E       F
            +---------+---------+-------+---------+---------+-------
      Total |     199 |       0 |   0.0 |      43 |       0 |   0.0
            +---------+---------+-------+---------+---------+-------
        D:1 |      20 |       0 |   0.0 |      13 |       0 |   0.0
        D:2 |      63 |       0 |   0.0 |      14 |       0 |   0.0
        D:3 |      53 |       0 |   0.0 |      12 |       0 |   0.0
        D:4 |      63 |       0 |   0.0 |       4 |       0 |   0.0
            +---------+---------+-------+---------+---------+-------
